 Dungeon Crawl Stone Soup version 0.30-a0-760-g5a9884bb7c (webtiles) character file.

Game seed: 8581827839923755305

96 inmateoo the Slasher (level 4, -3/26 HPs)
             Began as a Tengu Gladiator on Feb 10, 2023.
             Was an Initiate of Okawaru.
             Succumbed to a scorpion's poison
             ... on level 3 of the Dungeon.
             The game lasted 00:02:38 (2569 turns).

inmateoo the Slasher (Tengu Gladiator)              Turns: 2569, Time: 00:02:39

Health: -3/26      AC:  3    Str: 20    XL:     4   Next: 67%
Magic:  5/5        EV: 13    Int:  8    God:    Okawaru [......]
Gold:   40         SH:  0    Dex: 18    Spells: 3/3 levels left

rFire   . . .      SeeInvis .    a - +0 long sword
rCold   . . .      Faith    .    (no shield)
rNeg    . . .      Spirit   .    b - +0 leather armour
rPois   .          Reflect  .    c - +0 hat
rElec   .          Harm     .    (no cloak)
rCorr   .          Rampage  .    (no gloves)
Will    .....                    (boots unavailable)
Stlth   ++                       (no amulet)
HPRegen 0.24/turn                l - +6 ring of strength
MPRegen 0.09/turn                j - ring of wizardry

@: brilliant, lethally poisoned (-3 -> -19), invisible
A: beak, talons 3
a: Renounce Religion


You were on level 3 of the Dungeon.
You worshipped Okawaru.
Okawaru was noncommittal.
You visited 1 branch of the dungeon, and saw 4 of its levels.

You collected 194 gold pieces.
You spent 154 gold pieces at shops.

Inventory:

Hand Weapons
 a - a +0 long sword (weapon)
 s - a +2 whip of draining
Missiles
 d - 2 throwing nets (quivered)
 e - a javelin
 i - 17 poisoned darts
Armour
 b - a +0 leather armour (worn)
 c - a +0 hat (worn)
Jewellery
 j - a ring of wizardry (right hand)
 k - a ring of fire
 l - a +6 ring of strength (left hand)
 w - a +4 ring of protection
Scrolls
 g - 4 scrolls of identify {unknown}
 h - 2 scrolls of blinking {unknown}
 o - a scroll of enchant armour {unknown}
 p - a scroll of enchant weapon {unknown}
 u - a scroll of teleportation {unknown}
 v - a scroll of fear {unknown}
Potions
 f - 2 potions of flight
 m - a potion of attraction {unknown}
 n - a potion of brilliance
 q - a potion of heal wounds {unknown}
 r - 4 potions of degeneration
 t - a potion of haste {unknown}
 x - a potion of magic {unknown}
 z - a potion of invisibility
 A - a potion of berserk rage {unknown}
 B - a potion of resistance


   Skills:
 + Level 2.2 Fighting
 + Level 4.4 Long Blades
 - Level 2.0 Throwing
 + Level 1.2 Armour
 + Level 4.1 Dodging
 + Level 0.9 Stealth
 * Level 0.2 Invocations


You had 3 spell levels left.
You didn't know any spells.
Your spell library contained the following spells:

 Spells                   Type           Power      Damage    Failure   Level
 Necrotise                Necr           0%         1d4       21%         1
 Vampiric Draining        Necr           0%         2d6       50%         3
 Agony                    Necr           0%         N/A       99%         5


Dungeon Overview and Level Annotations

Branches:
Dungeon (4/15)
 Temple: D:4-7

Altars:
Fedhas
Hepliaklqana
Okawaru
Trog

Shops:
D:3 !

Annotations:
D:1 1 transporter


Innate Abilities, Weirdness & Mutations

You have a beak for a mouth.
You have claws for feet.


Message History

There is a stone staircase leading up here.
There are monsters nearby!
The orc misses you.
You climb upwards.
There is a stone staircase leading down here.
You closely miss the orc. You claw the orc. Your peck misses the orc.
The orc is heavily wounded.
The orc barely misses you.
You hit the orc.
You kill the orc!
Okawaru accepts your kill.
No target in view!
(D) Dungeon
Where to? (Enter - D:4, ? - help)
You climb downwards.
You hear the hiss of flowing sand.
There is an entrance to an ossuary on this level.
Hurry and find it before the portal is buried!
The scorpion stings you.
You are poisoned.
The scorpion poisons you! The orc hits you with a +0 flail!
The orc hits you with a +0 dagger. The scorpion barely misses you.
There is a stone staircase leading up, spattered with blood here.
You feel very sick. The orc hits you with a +0 dagger.
The orc barely misses you. The scorpion closely misses you.
You climb upwards.
* * * LOW HITPOINT WARNING * * *
You feel very sick.
There is a stone staircase leading down here.
It was a potion of invisibility.
You fade into invisibility!
* * * LOW HITPOINT WARNING * * *
You feel sick. The scorpion stings you.
* * * LOW HITPOINT WARNING * * *
You are more poisoned.
The scorpion poisons you! The orc misses you.
Unknown command.
It was a potion of brilliance.
You feel clever all of a sudden.
You die...

..##...........#####.#
#.##.###...##### #.#
#.##.##.....# #.# ####
.....###...## #<# #... #.####
##.## #.# #.## ..# #.# #.# #.#
### #.# #####.#### #.## ##+##
#o[o(....# #... #### ##...##
#@###.##.# ##.. ...# ##.....##
#s###..#.# #...
##.###.......###.##..#..# ####...
.#.##.........##.#....#.###......
....+.........'..................
..#.#.........##..........#.###..
.###.#.......#####........#.###.#
#.#.###.....## #..#.##..#.##..#
##.## ##...## #....##..#.##.##


You could see a scorpion (unable to see you) and 2 orcs.

Vanquished Creatures
  Terence (D:2)
  3 gnolls
  A worm (D:3)
  2 dart slugs
  2 orcs (D:3)
  A ball python (D:2)
  2 endoplasms (D:1)
  2 giant cockroaches (D:1)
  4 goblins
  4 hobgoblins
  A quokka (D:1)
  2 bats (D:1)
  A frilled lizard (D:1)
  3 kobolds
  4 rats
33 creatures vanquished.

Notes
Turn   | Place    | Note
-------+----------+-------------------------------------------
     0 | D:1      | inmateoo the Tengu Gladiator began the quest for the Orb.
     0 | D:1      | Reached XP level 1. HP: 12/12 MP: 2/2
   260 | D:1      | Reached XP level 2. HP: 17/17 MP: 3/3
   756 | D:2      | Found a faded altar of an unknown god.
   776 | D:2      | Found an iron altar of Okawaru.
   809 | D:2      | Became a worshipper of Warmaster Okawaru
   829 | D:1      | Reached XP level 3. HP: 3/21 MP: 4/4
  1438 | D:2      | Noticed Terence
  1446 | D:2      | Killed Terence
  1447 | D:2      | Reached skill level 1 in Armour
  1447 | D:2      | Reached XP level 4. HP: 11/26 MP: 5/5
  1748 | D:3      | Found a bloodstained altar of Trog.
  2060 | D:3      | Found a blossoming altar of Fedhas.
  2425 | D:3      | Found Bainuneu's Distillery.
  2433 | D:3      | Bought a potion of resistance for 110 gold pieces
  2433 | D:3      | Bought a potion of flight for 33 gold pieces
  2433 | D:3      | Bought a potion of degeneration for 11 gold pieces
  2558 | D:4      | Noticed a scorpion
  2558 | D:4      | Found a hazy altar of Hepliaklqana.
  2568 | D:3      | HP: 1/26 [scorpion (4)]
  2569 | D:3      | Succumbed to a scorpion's poison

Illustrated notes

Levels and vault maps discovered:
D:1:      spicycebolla_arrival_risky_transporter, layout_loops_ring
D:2:      layout_basic, basic_altar, basic_ecumenical_altar, corner_web_ring,
          minmay_misc_feat_secret_circle, uniq_terence
D:3:      layout_loops_corners, lemuel_tele_altar, mainiacjoe_overflow_catwalk,
          serial_shops, shop_statue
D:4:      layout_rooms, lemuel_round_altar, nicolae_hepliaklqana_hazy_memory,
          lemuel_coloured_pillars_altar, amcnicky_altar_gilded, enter_ossuary_3,
          serial_shops, shop

Skill      XL: |  1  2  3 |
---------------+----------+-----
Long Blades    | 4 |  4.4
Dodging        | 4 |  4.1
Armour         | 1 |  1.2
Fighting       | |  2.2
Throwing       | |  2.0
Stealth        | |  0.9
Invocations    | |  0.2

Action                     |  1- 3 |  4- 6 || total
---------------------------+-------+-------++-------
  Melee: Long sword        |    47 |    26 ||    73
         Kick              |    10 |    11 ||    21
         Peck              |     7 |     2 ||     9
         Whip              |     2 |       ||     2
  Throw: Throwing net      |     4 |       ||     4
    Use: Potion            |       |     2 ||     2
   Stab: Sleeping          |     1 |     2 ||     3
         Held in net/web   |     1 |       ||     1
 Armour: Leather armour    |    12 |     4 ||    16
  Dodge: Dodged            |    30 |    13 ||    43

Table legend: (Time is in decaauts)
 A = Elapsed time spent in this place.
 B = Non-inter-level travel time spent in this place.
 C = Inter-level travel time spent in this place.
 D = Time resting spent in this place.
 E = Time spent auto-exploring this place.
 F = Levels seen in this place.
 G = Mean time per level.
                   A        B        C        D        E       F      G
               +--------+--------+--------+--------+--------+-----+--------+
         Total |   2583 |   2470 |    113 |    248 |   1873 |   4 |  645.8 |
       Dungeon |   2583 |   2470 |    113 |    248 |   1873 |   4 |  645.8 |
               +--------+--------+--------+--------+--------+-----+--------+

Top non-repeatable levels by time:
     D:2: 893 daAuts
     D:3: 865 daAuts
     D:1: 819 daAuts
     D:4: 5 daAuts
